 Dungeon Crawl Stone Soup version 0.30-a0-331-g8ab09dc110 (console) character file.

Game seed: 4932497919671382344

89 capslocke the Sneak (level 4, 0/29 HPs)
             Began as a Kobold Delver on Oct 30, 2022.
             Slain by Pargi (1 damage)
             ... on level 3 of the Dungeon.
             The game lasted 00:06:01 (903 turns).

capslocke the Sneak (Kobold Delver)                  Turns: 903, Time: 00:06:01

Health: 0/29       AC:  8    Str:  9    XL:     4   Next: 84%
Magic:  4/4        EV:  6    Int: 11    God:
Gold:   33         SH:  0    Dex: 18    Spells: 3/3 levels left

rFire   . . .      SeeInvis .    a - +0 short sword
rCold   . . .      Faith    .    (no shield)
rNeg    . . .      Spirit   .    k - +0 chain mail
rPois   .          Reflect  .    (no helmet)
rElec   .          Harm     .    (no cloak)
rCorr   .          Rampage  .    (no gloves)
Will    .....                    (no boots)
Stlth   ++........               (no amulet)
HPRegen 0.24/turn                (no ring)
MPRegen 0.09/turn                (no ring)

@: no status effects
A: small, no large weapons, nightstalker 3
a: no special abilities


You were on level 3 of the Dungeon.
You visited 1 branch of the dungeon, and saw 3 of its levels.

You collected 33 gold pieces.

Inventory:

Hand Weapons
 a - a +0 short sword (weapon)
Armour
 b - a +0 leather armour
 k - a +0 chain mail (worn)
Wands
 g - a wand of digging (3)
Scrolls
 c - 3 scrolls of fog
 h - a scroll of teleportation {unknown}
 j - a scroll of magic mapping
 n - a scroll of enchant armour {unknown}
 p - a scroll of torment {unknown}
Potions
 f - 3 potions of haste
 i - a potion of lignification {unknown}
 l - a potion of heal wounds {unknown}
 m - a potion of resistance {unknown}
 o - a potion of attraction {unknown}


   Skills:
 + Level 3.9 Fighting
 + Level 4.0 Short Blades
 + Level 1.0 Throwing
 + Level 1.0 Armour
 + Level 2.7 Dodging
 - Level 7.1 Stealth


You had 3 spell levels left.
You didn't know any spells.
Your spell library was empty.

Dungeon Overview and Level Annotations

Branches:
Dungeon (5/15)             Temple (0/1) D:5

Altars:
Wu Jian
The Shining One

Annotations:
D:3 Pargi
D:4 1 runed translucent door, p00ps00p's ghost, amateur DsGl


Innate Abilities, Weirdness & Mutations

You are small and have problems with some larger weapons.
You are completely attuned to the shadows.


Message History

Pargi is severely wounded.
You miss Pargi.
Pargi is severely wounded.
Pargi looks more healthy.
Pargi bites you but does no damage. Pargi claws you but does no damage.
Pargi closely misses you.
You hit Pargi.
Pargi is severely wounded.
Pargi bites you but does no damage. Pargi barely misses you.
Pargi claws you but does no damage.
You barely miss Pargi.
Pargi is severely wounded.
Pargi bites you. Pargi claws you but does no damage. Pargi claws you.
* * * LOW HITPOINT WARNING * * *
You barely miss Pargi.
Pargi is severely wounded.
Pargi bites you.
* * * LOW HITPOINT WARNING * * *
Pargi claws you but does no damage. x2
As you read the scroll of fear, it crumbles to dust.
You assume a fearsome visage.
Pargi looks frightened!
The rat looks frightened!
You see here a poisoned dart.
Found a stone staircase leading down.
Pargi seems to regain his courage.
You closely miss Pargi.
Pargi is heavily wounded.
You hit Pargi but do no damage.
Pargi is heavily wounded.
Pargi bites you.
* * * LOW HITPOINT WARNING * * *
Pargi claws you.
* * * LOW HITPOINT WARNING * * *
Pargi claws you but does no damage.
You hit Pargi.
Pargi is heavily wounded.
Pargi bites you.
* * * LOW HITPOINT WARNING * * *
Pargi barely misses you. Pargi claws you.
* * * LOW HITPOINT WARNING * * *
Pargi attacks as you move away! Pargi barely misses you.
Pargi claws you but does no damage. Pargi claws you.
You die...

~~~........# ##
~~~..(.....#
.........(#.# #> #
#######.##.# #. #.#
#..# #.##.#
.##.##.####..#
#.##.# .........
...# #..†.#
#T#.#####.######†#
#.@..(......##...#
##...#####......###
#....# ###.#..#
#...## ##.#..###
#r..# ##.......#
#..(# ...........
#.(.# .##...##.##
.(..# ##..# ..#
.... ..


You could see Pargi and a rat.

Vanquished Creatures
  A necrophage (D:4)
  2 adders
  A dart slug (D:3)
  2 orcs
  An endoplasm (D:4)
  2 jackals (D:3)
  A ball python (D:3)
  A kobold (D:3)
11 creatures vanquished.

Notes
Turn   | Place    | Note
-------+----------+-------------------------------------------
     0 | D:5      | capslocke the Kobold Delver began the quest for the Orb.
     0 | D:5      | Reached XP level 1. HP: 14/14 MP: 1/1
   150 | D:4      | Noticed a phantom
   267 | D:4      | Found a runed translucent door.
   270 | D:4      | Noticed p00ps00p's ghost (amateur DsGl)
   291 | D:4      | Reached skill level 7 in Stealth
   291 | D:4      | Reached XP level 2. HP: 7/19 MP: 2/2
   416 | D:4      | Noticed a necrophage
   446 | D:4      | Killed a necrophage
   447 | D:4      | Reached XP level 3. HP: 5/24 MP: 3/3
   447 | D:4      | Reached XP level 4. HP: 6/29 MP: 4/4
   620 | D:3      | Found a glowing golden altar of the Shining One.
   628 | D:3      | Found a faded altar of an unknown god.
   774 | D:3      | Found an ornate altar of the Wu Jian Council.
   813 | D:3      | Reached skill level 1 in Throwing
   813 | D:3      | Reached skill level 1 in Armour
   862 | D:3      | Noticed Pargi
   901 | D:3      | HP: 1/29 [Pargi (3)]
   903 | D:3      | Slain by Pargi

Illustrated notes

Levels and vault maps discovered:
D:3:      layout_loops_ring, okawaru_gym_becter, nzn_wu_jian_contemplation,
          nicolae_overflow_ecumenical_swirl, cheibrodos_worm_habitat,
          minmay_puff, uniq_pargi
D:4:      layout_layer_cave, ebering_ghost_sewer_d, nicolae_ossuary_entry_plus,
          kennysheep_generic_room_6
D:5:      layout_rooms, mainiacjoe_overflow_concentric_impassable, temple_green,
          dk_vineyard_2

Skill      XL: |  1  2  3  4 |
---------------+-------------+-----
Stealth        | 7 |  7.1
Short Blades   | 3 4 |  4.0
Throwing       | 1 |  1.0
Armour         | 1 |  1.0
Fighting       | |  3.9
Dodging        | |  2.7

Action                   |  1- 3 |  4- 6 || total
-------------------------+-------+-------++-------
Melee: Short sword       |    39 |    58 ||    97
       Punch             |     1 |     2 ||     3
Throw: Dart              |     6 |     9 ||    15
  Use: Scroll            |     1 |     1 ||     2
Armor: Chain mail        |    17 |    44 ||    61
Dodge: Dodged            |    12 |    25 ||    37

Table legend: (Time is in decaauts)
 A = Elapsed time spent in this place.
 B = Non-inter-level travel time spent in this place.
 C = Inter-level travel time spent in this place.
 D = Time resting spent in this place.
 E = Time spent auto-exploring this place.
 F = Levels seen in this place.
 G = Mean time per level.
                   A        B        C        D        E       F      G
               +--------+--------+--------+--------+--------+-----+--------+
         Total |    885 |    869 |     16 |    143 |    291 |   3 |  295.0 |
       Dungeon |    885 |    869 |     16 |    143 |    291 |   3 |  295.0 |
               +--------+--------+--------+--------+--------+-----+--------+

Top non-repeatable levels by time:
     D:4: 455 daAuts
     D:3: 267 daAuts
     D:5: 162 daAuts
